 Dungeon Crawl Stone Soup version 0.30-a0-802-gb92711bcdf (webtiles) character file.

Game seed: 16638714536594001837

26 Popcorn the Caller (level 2, -3/12 HPs)
             Began as a Felid Summoner on Feb 23, 2023.
             Killed by nerve-wracking pain
             ... invoked by Jessica
              (8 damage)
             ... on level 1 of the Dungeon.
             The game lasted 00:05:16 (1111 turns).

Popcorn the Caller (Felid Summoner)                 Turns: 1111, Time: 00:05:17

Health: -3/12      AC:  1    Str:  4    XL:     2   Next: 89%
Magic:  3/6        EV: 18    Int: 16    God:
Gold:   108        SH:  0    Dex: 16    Spells: 2/5 levels left
                                        Lives:  0   Deaths: 0

rFire   . . .      SeeInvis +    (weapon unavailable)
rCold   . . .      Faith    .    (shield unavailable)
rNeg    . . .      Spirit   .    (body armour unavailable)
rPois   .          Reflect  .    (helmet unavailable)
rElec   .          Harm     .    (cloak unavailable)
rCorr   .          Rampage  .    (gloves unavailable)
Will    .....                    (boots unavailable)
Stlth   ++                       (no amulet)
HPRegen 0.22/turn                (no ring)
MPRegen 0.10/turn                (no ring)

@: quick
A: very small, claws 1, fangs 3, see invisible, speed 1, shaggy fur 1, stealthy
paws, no weapons or thrown items, no armour, multi-lived
a: no special abilities


You were on level 1 of the Dungeon.
You visited 1 branch of the dungeon, and saw 2 of its levels.

You collected 108 gold pieces.

Inventory:

Scrolls
 b - a scroll of brand weapon {unknown}
 c - a scroll of teleportation {unknown}
Potions
 a - 2 potions of magic


   Skills:
 + Level 1.1 Fighting
 + Level 3.3 Dodging
 - Level 2.6 Stealth
 + Level 2.3 Spellcasting
 + Level 4.2 Summonings


You had 2 spell levels left.
You knew the following spells:

 Your Spells              Type           Power      Damage    Failure   Level
a - Summon Small Mammal   Summ           60%        N/A       3%          1
b - Call Imp              Summ           15%        N/A       5%          2

Your spell library contained the following spells:

 Spells                   Type           Power      Damage    Failure   Level
 Beastly Appendage        Tmut           2%         N/A       21%         1
 Wereblood                Tmut           1%         N/A       30%         2
 Call Canine Familiar     Summ           15%        N/A       11%         3
 Summon Guardian Golem    Hex/Summ       8%         N/A       26%         3
 Spider Form              Tmut/Pois      1%         N/A       52%         3
 Summon Lightning Spire   Summ/Air       8%         N/A       63%         4


Dungeon Overview and Level Annotations

Branches:
Dungeon (2/15)

Altars:

Annotations:
D:1 Jessica


Innate Abilities, Weirdness & Mutations

You have sharp claws.
You have razor-sharp teeth.
You have supernaturally acute eyesight. (SInv)
You cover ground quickly. (Speed+)
You are covered in fur. (AC +1)
Your paws help you pounce on unaware monsters.
You are incapable of wielding weapons or throwing items.
You cannot wear armour.
You gain extra lives every three experience levels.


Message History

Jessica is nearby!
Found a stone staircase leading down.
Your crimson imp closely misses Jessica.
Jessica hits your crimson imp with a +0 dagger.
A hobgoblin comes into view.
Your crimson imp blinks!
There is a stone staircase leading up here.
Casting: Summon Small Mammal (safe; 3% risk of failure)
Press: ? - help, Q - select action, (/) - cycle Dir - look around, f - activate Your rat bites Jessica but does no damage.
Jessica hits your rat with a +0 dagger!
Your rat dies!
Your rat's corpse disappears in a puff of smoke!
What are your orders? t - Meow!
Orders for allies: a - Attack new target. r - Retreat! s - Stop attacking. g - Guard the area. f - Follow me.
Anything else - Cancel.
Gang up on whom?
Press: ? - help, Dir - move target, f - Jessica
Aim: Jessica, wielding a +0 dagger and wearing a +0 robe (translocational energy, ally target) Attack!
Your quokka bites Jessica but does no damage.
You scratch Jessica but do no damage.
Your quokka closely misses Jessica.
Jessica misses you.
You scratch Jessica. Your bite misses Jessica.
Jessica is heavily wounded.
Your quokka barely misses Jessica.
Jessica hits you with a +0 dagger!
Ouch! That really hurt!
A rat comes into view.
Your quokka barely misses Jessica.
The hobgoblin hits your crimson imp.
Jessica points at you and mumbles some strange words.
Pain shoots through your body!
You climb upwards.
Your summoned allies are left behind.
There is a stone staircase leading down here.
Jessica gestures at you while chanting. Pain shoots through your body!
Ouch! That really hurt!
You die...

###.#.####...#######.##
#.#......#.........#
#.######...###.#####
#.# ##.## #.# #.#
#.####.######## #.#
#.##........... #>#
#.##.#.##.####.
#.#######.##.#)##.# #.
#..@..@....(...##.# #.
#########.##.#)##.# #.
#.##.#.##.####.
#.#....##.#....
#..............
###....##.####.
##.#.##.# #.
#.#.##.####.
#...........


You could see Jessica.

Vanquished Creatures
  A frilled lizard (D:1)
1 creature vanquished.

Vanquished Creatures (collateral kills)
  5 bats (D:1)
  3 endoplasms (D:1)
  2 giant cockroaches (D:1)
  4 hobgoblins (D:1)
  A quokka (D:1)
  A frilled lizard (D:1)
  A goblin (D:1)
  3 kobolds (D:1)
  2 rats (D:1)
22 creatures vanquished.

Grand Total: 23 creatures vanquished

Notes
Turn   | Place    | Note
-------+----------+-------------------------------------------
     0 | D:1      | Popcorn the Felid Summoner began the quest for the Orb.
     0 | D:1      | Reached XP level 1. HP: 7/7 MP: 4/4
   288 | D:1      | Reached XP level 2. HP: 12/12 MP: 1/6
   734 | D:1      | Reached skill level 1 in Fighting
   751 | D:1      | Learned a level 2 spell: Call Imp
  1092 | D:2      | Noticed Jessica
  1111 | D:1      | Killed from afar by Jessica

Illustrated notes

Levels and vault maps discovered:
D:1:      wander_arrival_desolate, layout_loops_ring
D:2:      layout_rooms, uniq_sigmund, uniq_crazy_yiuf_cottage, uniq_jessica

Skill      XL: |  1  2 |
---------------+-------+-----
Dodging        | 3 |  3.3
Fighting       | 1 |  1.1
Stealth        | |  2.6
Spellcasting   | |  2.3
Summonings     | |  4.2

Action                     || total
---------------------------++-------
  Melee: Unarmed           ||     5
   Cast: Summon Small Mamm ||    45
         Call Imp          ||     1
  Dodge: Dodged            ||    21

Table legend: (Time is in decaauts)
 A = Elapsed time spent in this place.
 B = Non-inter-level travel time spent in this place.
 C = Inter-level travel time spent in this place.
 D = Time resting spent in this place.
 E = Time spent auto-exploring this place.
 F = Levels seen in this place.
 G = Mean time per level.
                   A        B        C        D        E       F      G
               +--------+--------+--------+--------+--------+-----+--------+
         Total |    957 |    945 |     12 |      0 |    667 |   2 |  478.5 |
       Dungeon |    957 |    945 |     12 |      0 |    667 |   2 |  478.5 |
               +--------+--------+--------+--------+--------+-----+--------+

Top non-repeatable levels by time:
     D:1: 944 daAuts
     D:2: 13 daAuts
